 Dungeon Crawl Stone Soup version 0.29-a0-334-gb41bcbb86e (webtiles) character file.

Game seed: 3989521498191039264

101 spaghetti the Gusty (level 4, -2/32 HPs)
             Began as a Gnoll Wanderer on Apr 13, 2022.
             Was an Initiate of Yredelemnul.
             Slain by a sky beast (5 damage)
             ... on level 3 of the Dungeon.
             The game lasted 00:05:14 (3041 turns).

spaghetti the Gusty (Gnoll Wanderer)                Turns: 3041, Time: 00:05:15

Health: -2/32      AC:  3    Str:  9    XL:     4   Next: 75%
Magic:  1/11       EV: 11    Int: 20    God:    Yredelemnul [......]
Gold:   143        SH:  0    Dex:  7    Spells: 3/13 levels left

rFire   . . .      SeeInvis .   a - +0 dagger {short}
rCold   . . .      Faith    .   (no shield)
rNeg    . . .      Spirit   .   d - +0 robe
rPois   .          Reflect  .   n - +0 helmet
rElec   .          Harm     .   (no cloak)
rCorr   .          Rampage  .   (no gloves)
Will    .....                   (no boots)
Stlth   +.........              (no amulet)
HPRegen 0.10/turn               h - ring of wizardry
MPRegen 0.12/turn               (no ring)

@: brilliant, about to teleport, flying
A: fangs 1, strong nose, distributed training
a: Renounce Religion, Recall Undead Harvest


You were on level 3 of the Dungeon.
You worshipped Yredelemnul.
Yredelemnul was noncommittal.
You visited 1 branch of the dungeon, and saw 3 of its levels.

You collected 143 gold pieces.


Innate Abilities, Weirdness & Mutations

You have very sharp teeth.
Your uncanny sense of smell can sniff out nearby items.
Your experience applies equally to all skills.


   Skills:
 + Level 1.2 Fighting
 + Level 1.2 Short Blades
 + Level 1.2 Long Blades
 + Level 1.2 Axes
 + Level 1.2 Maces & Flails
 + Level 1.2 Polearms
 + Level 1.2 Staves
 + Level 1.2 Slings
 + Level 1.2 Bows
 + Level 1.2 Crossbows
 + Level 6.6 Throwing
 + Level 1.2 Armour
 + Level 1.2 Dodging
 + Level 1.2 Stealth
 + Level 1.2 Shields
 + Level 1.2 Unarmed Combat
 + Level 5.1 Spellcasting
 + Level 2.3 Conjurations
 + Level 1.0 Hexes
 + Level 1.0 Summonings
 + Level 1.0 Necromancy
 + Level 1.0 Translocations
 + Level 1.0 Transmutations
 + Level 1.0 Fire Magic
 + Level 1.0 Ice Magic
 + Level 7.1 Air Magic
 + Level 1.0 Earth Magic
 + Level 1.0 Poison Magic
 + Level 1.3 Invocations
 + Level 1.2 Evocations


You had 3 spell levels left.
You knew the following spells:

 Your Spells              Type           Power      Damage    Failure   Level
a - Shock                 Conj/Air       100%       1d9       1%          1
b - Poisonous Vapours     Pois/Air       64%        N/A       1%          2
c - Swiftness             Air            50%        N/A       1%          3
d - Ensorcelled Hibernat  Hex/Ice        26%        N/A       4%          2
e - Passwall              Tmut/Erth      10%        N/A       4%          2

Your spell library contained the following spells:

 Spells                   Type           Power      Damage    Failure   Level
 Magic Dart               Conj           84%        1d7       1%          1
 Corpse Rot               Necr/Air       64%        N/A       1%          2
 Foxfire                  Conj/Fire      68%        2x1d7     2%          1
 Conjure Flame            Conj/Fire      17%        6-21      7%          3
 Dazzling Flash           Conj/Hex       34%        N/A       7%          3
 Inner Flame              Hex/Fire       13%        N/A       9%          3
 Flame Wave               Conj/Fire      17%        2d6       22%         4

Inventory:

Hand Weapons
 a - a +0 dagger (weapon) {short}
Missiles
 b - 15 poisoned darts (quivered) {throwing}
 m - 26 stones {throwing}
 p - 5 atropa-tipped darts {throwing}
Armour
 d - a +0 robe (worn)
 n - a +0 helmet (worn)
   (You found it on level 2 of the Dungeon)
Jewellery
 h - a ring of wizardry (left hand)
   (You found it on level 1 of the Dungeon)
Scrolls
 c - a scroll of silence {!r}
 e - a scroll of amnesia
 f - a scroll of noise {!r}
 j - a scroll of enchant weapon {unknown}
 k - a scroll of fog {unknown}
 l - 2 scrolls of identify {unknown}
 o - a scroll of vulnerability {unknown}
 q - a scroll of magic mapping {unknown}

Dungeon Overview and Level Annotations

Branches:
Dungeon (3/15)

Altars:
Qazlal
Yredelemnul

∆ ∆ #.# #.#
#######.#######
.......<.^....#
#########..##.#
###....?..# #
###....#).###.!.
.................
####.)..@YZ......
.......##..###..
....[..# #.# .
.....#### .#
..... .# ... .#
.. ∆


You could see a sky beast (very poisoned, ally target) and the friendly Natasha
the felid zombie.


Message History

😕 MP[-2]
You lost 2 mp, and now have 1/11 mp.
Casting: Poisonous Vapours (safe; 1% risk of failure)
Confirm with . or Enter, or press ? or * to list all spells.
You don't have enough magic to cast this spell.
Casting: Poisonous Vapours (safe; 1% risk of failure)
Confirm with . or Enter, or press ? or * to list all spells.
You can't see any susceptible monsters within range! (Use Z to cast anyway.) Unknown command. 😕 HP[+1]
You hit the sky beast. Your bite misses the sky beast.
The sky beast closely misses you.
You hit the sky beast but do no damage.
The sky beast flickers out of sight!
Deactivating autopickup; reactivate with Ctrl-A.
Something hits you. Something shocks you. 😮 HP[-9]
You take 9 damage, and now have 19/32 hp.
MASSIVE DAMAGE!! (PAUSE)
You hit something but do no damage. You miss something. Something hits you.
* * * LOW HITPOINT WARNING * * *
Something shocks you.
* * * LOW HITPOINT WARNING * * *
😨 HP[-9] MP[+1]
You take 9 damage, and now have 10/32 hp.
MASSIVE DAMAGE!! (PAUSE)
Casting: Poisonous Vapours (safe; 1% risk of failure)
Confirm with . or Enter, or press ? or * to list all spells.
You can't see any susceptible monsters within range! (Use Z to cast anyway.)
Casting: Poisonous Vapours (safe; 1% risk of failure)
Confirm with . or Enter, or press ? or * to list all spells.
Aiming: Poisonous Vapours (safe; 1% risk of failure)
Press: ? - help, Dir - move target Poisonous vapours surround something!
Something hits you.
* * * LOW HITPOINT WARNING * * *
Something shocks you.
* * * LOW HITPOINT WARNING * * *
😱 HP[-8] MP[-2]
You take 8 damage, and now have 2/32 hp.
MASSIVE DAMAGE!! (PAUSE)
You lost 2 mp, and now have 0/11 mp.
It was a potion of brilliance.
You feel clever all of a sudden. Something hits you but does no damage.
Unknown command.
It was a potion of curing.
You feel better.
Something hits you but does no damage. 😨 HP[+11]
You regained 11 hp, and now have 13/32 hp.
It was a potion of flight.
You feel very buoyant.
You fly up into the air.
Something hits you.
* * * LOW HITPOINT WARNING * * *
Something shocks you.
* * * LOW HITPOINT WARNING * * *
😱 HP[-7]
You take 7 damage, and now have 6/32 hp.
MASSIVE DAMAGE!! (PAUSE)
You feel better. Something hits you.
* * * LOW HITPOINT WARNING * * *
Something shocks you.
* * * LOW HITPOINT WARNING * * *
😱 HP[+1]
You feel better. Something hits you.
* * * LOW HITPOINT WARNING * * *
Something shocks you.
* * * LOW HITPOINT WARNING * * *
😱 HP[-1]
You take 1 damage, and now have 6/32 hp.
As you read the scroll labelled AQIOLA UDOETZ, it crumbles to dust.
It is a scroll of amnesia.
Really abort (and waste the scroll)?
Okay, then.
You hear the slow rusting of a drain very nearby.
Something hits you but does no damage.
Unknown command.
You aren't carrying any potions.
As you read the scroll labelled WACWETEFAS, it crumbles to dust.
You hear a loud clanging noise!
It was a scroll of noise.
You hear a shout! x6
A sky beast appears from thin air!
Reactivating autopickup.
The sky beast hits you but does no damage.
Natasha claws the sky beast but does no damage. 😱 MP[+1] Unknown command.
You aren't carrying any potions.
As you read the scroll labelled OLANACR VEOTIN, it crumbles to dust.
You feel strangely unstable.
It was a scroll of teleportation.
The sky beast barely misses you.
Natasha barely misses the sky beast.
The sky beast attacks as you move away! The sky beast completely misses you.
Natasha closely misses the sky beast.
Unknown command.
The sky beast attacks as you move away! The sky beast hits you.
* * * LOW HITPOINT WARNING * * *
The sky beast shocks you.
You die...
Your body rises from the dead as a mindless zombie.

Skill      XL: |  1  2  3  4 |
---------------+-------------+-----
Conjurations   | 2 |  2.3
Spellcasting   | 5 |  5.1
Invocations    | 1 |  1.3
Fighting       | 1 |  1.2
Short Blades   | 1 |  1.2
Long Blades    | 1 |  1.2
Axes           | 1 |  1.2
Maces & Flails | 1 |  1.2
Polearms       | 1 |  1.2
Staves         | 1 |  1.2
Slings         | 1 |  1.2
Bows           | 1 |  1.2
Crossbows      | 1 |  1.2
Armour         | 1 |  1.2
Dodging        | 1 |  1.2
Stealth        | 1 |  1.2
Shields        | 1 |  1.2
Unarmed Combat | 1 |  1.2
Evocations     | 1 |  1.2
Hexes          | 1 |  1.0
Summonings     | 1 |  1.0
Necromancy     | 1 |  1.0
Translocations | 1 |  1.0
Transmutations | 1 |  1.0
Fire Magic     | 1 |  1.0
Ice Magic      | 1 |  1.0
Earth Magic    | 1 |  1.0
Poison Magic   | 1 |  1.0
Throwing       | |  6.6
Air Magic      | |  7.1

Action                   |  1- 3 |  4- 6 || total
-------------------------+-------+-------++-------
Melee: Dagger            |    58 |    22 ||    80
       Bite              |     4 |     1 ||     5
       Punch             |       |     1 ||     1
 Cast: Shock             |    16 |    23 ||    39
       Poisonous Vapours |    36 |     9 ||    45
  Use: Potion            |       |     5 ||     5
       Scroll            |       |     3 ||     3
Armor: Robe              |    29 |    10 ||    39
Dodge: Dodged            |    47 |    10 ||    57

Levels and vault maps discovered:
D:1:      lemuel_arrival_lava_pool, layout_basic,
          hellmonk_ecumenical_altar_crossroads, minmay_gold_behind_fungi
D:2:      layout_loops_ring, basic_altar, roderic_lattice_a, minmay_unequal
D:3:      layout_basic, cheibrodos_sewer_entry_drain, uniq_natasha, uniq_ijyb,
          uniq_grinder

Notes
Turn   | Place    | Note
-------+----------+-------------------------------------------
     0 | D:1      | spaghetti the Gnoll Wanderer began the quest for the Orb.
     0 | D:1      | spaghetti set off with the following items: a +0 dagger
                  | {short}, 13 poisoned darts {throwing}, a scroll of silence
                  | {!r}, a +0 robe; and the following spells available to
                  | memorise: Shock, Corpse Rot, Poisonous Vapours, Magic Dart,
                  | Dazzling Flash
     0 | D:1      | Reached XP level 1. HP: 13/13 MP: 6/6
     0 | D:1      | magus.rc [v1.9.6]
    36 | D:1      | Learned a level 1 spell: Shock
   175 | D:1      | Reached skill level 2 in Conjurations
   213 | D:1      | Reached XP level 2. HP: 19/19 MP: 1/7
   495 | D:1      | Found a faded altar of an unknown god.
   520 | D:1      | Prayed at the altar of an unknown god.
   520 | D:1      | Became a worshipper of Yredelemnul the Dark
   520 | D:1      | Reached * piety under Yredelemnul
   606 | D:1      | Learned a level 2 spell: Poisonous Vapours
  1324 | D:2      | You pick up a book of Burglary and begin reading...
  1324 | D:2      | You add the spells Passwall, Ensorcelled Hibernation and
                  | Swiftness to your library.
  1347 | D:2      | Reached XP level 3. HP: 25/25 MP: 3/9
  1351 | D:2      | Learned a level 3 spell: Swiftness
  1354 | D:2      | Learned a level 2 spell: Ensorcelled Hibernation
  1357 | D:2      | Learned a level 2 spell: Passwall
  1448 | D:2      | Reached skill level 5 in Spellcasting
  1528 | D:2      | You pick up a book of Flames and begin reading...
  1528 | D:2      | You add the spells Foxfire, Conjure Flame, Inner Flame and
                  | Flame Wave to your library.
  1772 | D:2      | Reached skill level 1 in Invocations
  1956 | D:2      | Reached skill level 1 in Fighting
  1956 | D:2      | Reached skill level 1 in Short Blades
  1956 | D:2      | Reached skill level 1 in Long Blades
  1956 | D:2      | Reached skill level 1 in Axes
  1956 | D:2      | Reached skill level 1 in Maces & Flails
  1956 | D:2      | Reached skill level 1 in Polearms
  1956 | D:2      | Reached skill level 1 in Staves
  1956 | D:2      | Reached skill level 1 in Slings
  1956 | D:2      | Reached skill level 1 in Bows
  1956 | D:2      | Reached skill level 1 in Crossbows
  1956 | D:2      | Reached skill level 1 in Armour
  1956 | D:2      | Reached skill level 1 in Dodging
  1956 | D:2      | Reached skill level 1 in Stealth
  1956 | D:2      | Reached skill level 1 in Shields
  1956 | D:2      | Reached skill level 1 in Unarmed Combat
  1956 | D:2      | Reached skill level 1 in Evocations
  2339 | D:2      | Found a stormy altar of Qazlal.
  2349 | D:2      | Reached XP level 4. HP: 27/32 MP: 1/11
  2450 | D:2      | Reached ** piety under Yredelemnul
  2900 | D:3      | Noticed Natasha
  2995 | D:3      | Killed Natasha
  2996 | D:3      | Reached skill level 1 in Hexes
  2996 | D:3      | Reached skill level 1 in Summonings
  2996 | D:3      | Reached skill level 1 in Necromancy
  2996 | D:3      | Reached skill level 1 in Translocations
  2996 | D:3      | Reached skill level 1 in Transmutations
  2996 | D:3      | Reached skill level 1 in Fire Magic
  2996 | D:3      | Reached skill level 1 in Ice Magic
  2996 | D:3      | Reached skill level 1 in Earth Magic
  2996 | D:3      | Reached skill level 1 in Poison Magic
  3024 | D:3      | Noticed a sky beast
  3031 | D:3      | HP: 7/32 [something (3)]
  3031 | D:3      | HP: 2/32 [something (5)]
  3036 | D:3      | HP: 6/32 [something (6)]
  3041 | D:3      | HP: 3/32 [sky beast (3)]
  3041 | D:3      | Slain by a sky beast

Vanquished Creatures
  Natasha (D:3)
  2 adders (D:2)
  A worm (D:3)
  A dart slug (D:1)
  An orc (D:3)
  3 bats (D:1)
  2 endoplasms (D:2)
  3 giant cockroaches
  4 goblins
  3 hobgoblins (D:2)
  2 jackals (D:1)
  5 kobolds
  2 quokkas
  A ball python (D:1)
  3 frilled lizards
  A kobold zombie (D:3)
  5 rats (D:2)
40 creatures vanquished.

Vanquished Creatures (collateral kills)
  A dart slug (D:2)
  A worm (D:2)
  A bat (D:2)
  3 endoplasms
  A rat (D:3)
7 creatures vanquished.

Vanquished Creatures (others)
  An adder zombie (D:2)
  A rat zombie (D:2)
  8 fungi (D:1)
  4 toadstools (D:1)
14 creatures vanquished.

Grand Total: 61 creatures vanquished

Table legend:
 A = Non-vault XP
 B = Vault XP
 C = Vault XP percentage of total XP
 D = Non-vault monster count
 E = Vault monster count
 F = Vault count percentage of total count
                 A         B        C        D         E       F
            +---------+---------+-------+---------+---------+-------
      Total |      93 |      52 |  35.9 |      38 |       8 |  17.4
            +---------+---------+-------+---------+---------+-------
        D:1 |      33 |       0 |   0.0 |      17 |       0 |   0.0
        D:2 |      54 |      11 |  16.9 |      18 |       5 |  21.7
        D:3 |       6 |      41 |  87.2 |       3 |       3 |  50.0
            +---------+---------+-------+---------+---------+-------

Illustrated notes

Table legend:
 A = Kills in this place as a percentage of kills in entire the game.
 B = Kills by you in this place as a percentage of kills by you in the entire game.
 C = Kills by friends in this place as a percentage of kills by friends in the entire game.
 D = Other kills in this place as a percentage of other kills in the entire game.
 E = Experience gained in this place as a percentage of experience gained in the entire game.
 F = Experience gained in this place divided by the number of levels of this place that you have seen.
                   A       B       C       D       E      F
               +-------+-------+-------+-------+-------+----------------------
         Total | 100.0 | 100.0 | 100.0 |   N/A | 100.0 |  48.3
       Dungeon | 100.0 | 100.0 | 100.0 |   N/A | 100.0 |  48.3
               +-------+-------+-------+-------+-------+----------------------

Table legend: (Time is in decaauts)
 A = Elapsed time spent in this place.
 B = Non-inter-level travel time spent in this place.
 C = Inter-level travel time spent in this place.
 D = Time resting spent in this place.
 E = Time spent auto-exploring this place.
 F = Levels seen in this place.
 G = Mean time per level.
                   A        B        C        D        E       F      G
               +--------+--------+--------+--------+--------+-----+--------+
         Total |   3802 |   3776 |     26 |    264 |   3112 |   3 | 1267.3 |
       Dungeon |   3802 |   3776 |     26 |    264 |   3112 |   3 | 1267.3 |
               +--------+--------+--------+--------+--------+-----+--------+

Top non-repeatable levels by time:
     D:2: 2416 daAuts
     D:1: 1288 daAuts
     D:3: 97 daAuts
